 Dungeon Crawl Stone Soup version 0.29.1-12-g30fa7ad0bf (webtiles) character file.

Game seed: 12048127935612553848

5548 cheesebisquit the Cleaver (level 10, -19/144 HPs)
             Began as a Minotaur Berserker on Dec 12, 2022.
             Was a High Priest of Trog.
             Demolished by a white ugly thing (22 damage)
             ... on level 7 of the Dungeon.
             The game lasted 00:28:23 (6473 turns).

cheesebisquit the Cleaver (Minotaur Berserker)      Turns: 6473, Time: 00:28:23

Health: -19/144    AC: 15    Str: 33    XL:     10   Next: 44%
Magic:  9/9        EV: 10    Int:  4    God:    Trog [*****.]
Gold:   311        SH:  0    Dex:  9    Spells: 9/9 levels left

rFire   . . .      SeeInvis .   w - +0 war axe
rCold   . . .      Faith    .   (no shield)
rNeg    . . .      Spirit   .   f - +0 chain mail
rPois   .          Reflect  .   (helmet restricted)
rElec   .          Harm     .   (no cloak)
rCorr   .          Rampage  .   F - +0 pair of gloves
Will    .....                   l - +0 pair of boots
Stlth   ..........              r - amulet of regeneration
HPRegen 1.14/turn               v - +6 ring of strength
MPRegen 0.11/turn               (no ring)

@: mighty, berserking (expiring), very quick
A: horns 2, retaliatory headbutt
a: Renounce Religion, Berserk, Trog's Hand, Brothers in Arms


You were on level 7 of the Dungeon.
You worshipped Trog.
Trog was extremely pleased with you.
You visited 1 branch of the dungeon, and saw 7 of its levels.
You also visited: Sewer.

You collected 413 gold pieces.
You spent 102 gold pieces at shops.

Inventory:

Hand Weapons
 w - a +0 war axe (weapon)
Missiles
 i - 21 stones (quivered)
 y - 49 poisoned darts
 z - 5 throwing nets
 D - a curare-tipped dart
Armour
 b - a +0 animal skin
 e - a +0 scale mail
 f - a +0 chain mail (worn)
 l - a +0 pair of boots (worn)
 E - a +0 ring mail
 F - a +0 pair of gloves (worn)
Jewellery
 c - an amulet of magic regeneration
 r - an amulet of regeneration (around neck)
 v - a +6 ring of strength (left hand)
Wands
 g - a wand of charming (5)
 n - a wand of mindburst (27)
 A - a wand of roots (3)
Scrolls
 j - 4 scrolls of teleportation
 k - 2 scrolls of amnesia {unknown}
 p - a scroll of enchant armour {unknown}
 s - a scroll of brand weapon {unknown}
 x - 2 scrolls of acquirement {unknown}
 G - a scroll of noise {unknown}
Potions
 d - 4 potions of curing
 h - 4 potions of attraction
 m - a potion of ambrosia {unknown}
 q - a potion of cancellation
 t - 2 potions of flight
 u - 2 potions of invisibility
 B - 2 potions of heal wounds
 C - 2 potions of resistance {unknown}


   Skills:
 + Level 11.4 Fighting
 + Level 11.4 Axes
 + Level 11.0 Armour
 - Level 2.4 Dodging


You had 9 spell levels left.
You didn't know any spells.
Your spell library was empty.

Dungeon Overview and Level Annotations

Branches:
Dungeon (7/15)             Temple (0/1) D:4           Sewer (visited)

Altars:
Gozag
Nemelex Xobeh
Okawaru
Trog
Wu Jian
Lugonu

Shops:
D:5 *   D:6 *

Annotations:
D:7 1 transporter


Innate Abilities, Weirdness & Mutations

You have a pair of horns on your head.
You reflexively headbutt those who attack you in melee.


Message History

Trog accepts your kill.
You closely miss the small abomination. You barely miss the white ugly thing.
Your headbutt misses the white ugly thing.
The white ugly thing is heavily wounded.
You slash the small abomination!
You destroy the small abomination!
Trog accepts your kill.
You hit the white ugly thing. You slash the small abomination!
You destroy the small abomination!
Trog accepts your kill. The white ugly thing engulfs you!
The white ugly thing freezes you! The white ugly thing punches you.
The white ugly thing freezes you!!
* * * LOW HITPOINT WARNING * * *
You slash the white ugly thing! You headbutt the white ugly thing!
The white ugly thing is severely wounded.
You closely miss the wolf spider. You slash the white ugly thing!
The wolf spider hits you.
* * * LOW HITPOINT WARNING * * *
The wolf spider bites you but does no damage.
The white ugly thing engulfs you.
* * * LOW HITPOINT WARNING * * *
The white ugly thing freezes you!!
* * * LOW HITPOINT WARNING * * *
The white ugly thing punches you but does no damage.
You are too berserk!
You slice the white ugly thing!!
You kill the white ugly thing!
Trog accepts your kill.
You hit the wolf spider. You closely miss the white ugly thing.
The wolf spider barely misses you. You furiously retaliate!
You headbutt the wolf spider!!
The wolf spider bites you but does no damage.
Your Armour skill increases to level 11!
You slash the wolf spider!
The wolf spider is heavily wounded.
You closely miss the white ugly thing. The white ugly thing punches you.
* * * LOW HITPOINT WARNING * * *
The white ugly thing freezes you!!
You die...

#..# #...........# #..###...#
#..# ##.########.####........
#..# ###©. ###.[######.##
#..# }.### ###.. #.# #..#
x...## ##..#. ##.## #<.#
####...###...######...#
#..####.###.......###........
#.......[.##.u...##...#.#...#
##.###....©#@†_..#©.....##.##
#.####...##s....##...####.#
#..<...###.......###.# #.#
#########...###...##### #.#
#########=...## ##....#.###.#
#..)....#..### ###..#.....##
#.###)####). .[##.#..... #.#
#.# #### ####.....#.# #.# #.#
#.# ########...##


You could see a white ugly thing and a wolf spider.

Vanquished Creatures
  2 ugly things (D:7)
  Sigmund (D:3)
  4 yaks (D:7)
  A steam dragon (D:6)
  4 small abominations (D:7)
  An orc warrior (D:7)
  2 sky beasts (D:7)
  A black bear (D:6)
  4 ice beasts
  5 ogres
  A centaur (D:6)
  5 kobold brigands (Sewer)
  A phantom (D:4)
  A necrophage (D:4)
  2 scorpions
  A gnoll sergeant (D:7)
  10 killer bees
  3 jellies
  3 orc priests
  A gnoll bouda (D:4)
  4 hounds
  3 iguanas
  Natasha (D:3)
  8 orc wizards
  A mummy (D:5)
  A river rat (Sewer)
  10 adders
  22 gnolls
  3 white imps
  2 ufetubi
  6 worms
  6 dart slugs
  18 orcs
  7 endoplasms
  7 giant cockroaches
  9 goblins
  8 hobgoblins
  10 jackals
  3 quokkas
  10 ball pythons
  8 bats
  4 frilled lizards (D:2)
  17 kobolds
  2 kobold zombies (D:5)
  2 orc zombies (D:5)
  11 rats
236 creatures vanquished.

Vanquished Creatures (others)
  A gnoll bouda (D:6)
  A gnoll (D:6)
2 creatures vanquished.

Grand Total: 238 creatures vanquished

Notes
Turn   | Place    | Note
-------+----------+-------------------------------------------
     0 | D:1      | cheesebisquit the Minotaur Berserker began the quest for
                  | the Orb.
     0 | D:1      | Reached XP level 1. HP: 19/19 MP: 0/0
    47 | D:1      | Reached XP level 2. HP: 21/27 MP: 1/1
    55 | D:1      | Found a faded altar of an unknown god.
   500 | D:1      | Reached XP level 3. HP: 33/33 MP: 2/2
   593 | D:1      | Reached ** piety under Trog
  1664 | D:2      | Reached XP level 4. HP: 41/41 MP: 3/3
  2035 | D:3      | Noticed Sigmund
  2060 | D:3      | Killed Sigmund
  2061 | D:3      | Reached skill level 5 in Fighting
  2061 | D:3      | Reached skill level 5 in Axes
  2061 | D:3      | Reached XP level 5. HP: 40/48 MP: 4/4
  2061 | D:3      | Reached XP level 6. HP: 46/56 MP: 5/5
  2103 | D:3      | Found an iron altar of Okawaru.
  2268 | D:3      | Reached *** piety under Trog
  2292 | D:3      | Noticed Natasha
  2296 | D:3      | Killed Natasha
  2398 | D:3      | Identified the +2 robe of the Furies {rElec rN+ Slay-4}
  2446 | D:3      | Reached skill level 5 in Armour
  2801 | D:4      | Found a staircase to the Ecumenical Temple.
  2887 | D:4      | Found an opulent altar of Gozag.
  2913 | D:4      | Reached XP level 7. HP: 63/63 MP: 6/6
  2999 | D:4      | Found a glowing drain.
  3021 | Sewer    | Entered a sewer
  3186 | Sewer    | Reached **** piety under Trog
  3457 | Sewer    | Reached XP level 8. HP: 73/73 MP: 7/7
  3821 | D:4      | Found a bloodstained altar of Trog.
  3955 | D:5      | Entered Level 5 of the Dungeon
  3990 | D:5      | Found a sparkling altar of Nemelex Xobeh.
  4147 | D:5      | Reached ***** piety under Trog
  4187 | D:5      | Found Toeryize's General Store.
  4202 | D:5      | Bought a scroll of identify for 24 gold pieces
  4202 | D:5      | Bought a +0 pair of boots for 54 gold pieces
  4202 | D:5      | Bought a scroll of identify for 24 gold pieces
  4610 | D:6      | Reached XP level 9. HP: 83/83 MP: 8/8
  4690 | D:6      | Found an ornate altar of the Wu Jian Council.
  4933 | D:6      | Found Mofivveq's General Store.
  5646 | D:7      | Found a transporter.
  5647 | D:7      | Found a corrupted altar of Lugonu.
  5709 | D:7      | Found a transporter.
  5714 | D:7      | Noticed a white ugly thing
  5716 | D:7      | Noticed a purple ugly thing
  5717 | D:7      | Noticed a white ugly thing
  5908 | D:7      | Reached skill level 10 in Axes
  5924 | D:7      | Reached skill level 10 in Fighting
  6018 | D:7      | Reached skill level 10 in Armour
  6033 | D:7      | Reached XP level 10. HP: 60/94 MP: 9/9
  6452 | D:7      | Noticed a wolf spider
  6465 | D:7      | Killed a purple ugly thing
  6471 | D:7      | HP: 6/144 [white ugly thing (26)]
  6472 | D:7      | Killed a white ugly thing
  6473 | D:7      | Demolished by a white ugly thing

Illustrated notes

Levels and vault maps discovered:
D:1:      dpeg_arrival_windows_large_door, layout_basic,
          hellmonk_ecumenical_altar_arch_garden, minmay_tetromino_o2
D:2:      layout_basic
D:3:      layout_loops_cross, okawaru_ov_weapons_minmay,
          hangedman_abyss_or_decor_lesser_grid, hangedman_decor_push,
          uniq_natasha, uniq_sigmund
D:4:      layout_rooms, grunt_gozag_breadcrumbs, lightli_temple_of_fire,
          minmay_temple_entry_ruins, portal_sewer_entry_e
D:5:      layout_cave_pools, mainiacjoe_overflow_small_starburst, serial_shops,
          shop, minmay_mini_ossuary
D:6:      layout_basic, amcnicky_altar_gilded, nicolae_ossuary_entry_ruins,
          serial_shops, shop, dreamdust_princess_bridge
D:7:      gammafunk_corrupted_shrine, layout_loops_ring, bh_walls_and_bars

Skill      XL: |  1  2  3  4  5  6  7  8  9 10 |
---------------+-------------------------------+-----
Fighting       | 4 5 6 7 9 10 11 | 11.4
Axes           | 4 5 6 7 9 10 11 | 11.4
Armour         | 3 4 5 6 8 10 11 | 11.0
Dodging        | |  2.4

Action                   |  1- 3 |  4- 6 |  7- 9 | 10-12 || total
-------------------------+-------+-------+-------+-------++-------
Melee: Hand axe          |   107 |    44 |       |       ||   151
       Headbutt          |    13 |    12 |    44 |     9 ||    78
       Punch             |     1 |       |     1 |     4 ||     6
       War axe           |       |    44 |   301 |    42 ||   387
Throw: Stone             |       |    30 |     5 |       ||    35
Invok: Berserk           |       |     5 |     5 |     2 ||    12
       Trog's Hand       |       |     1 |     1 |       ||     2
  Use: Scroll            |       |       |     8 |       ||     8
       Potion            |       |       |       |     1 ||     1
Armor: Animal skin       |    12 |       |       |       ||    12
       Chain mail        |    23 |    38 |   182 |    14 ||   257
Dodge: Dodged            |    70 |    30 |   175 |    17 ||   292
